 Dungeon Crawl Stone Soup version 0.29-a0-824-gd827844252 (webtiles) character file.

Game seed: 13507060862738230430

33 ravioli the Digger (level 3, 0/24 HPs)
             Began as a Demonspawn Earth Elementalist on July 10, 2022.
             Was a Follower of Uskayaw.
             Slain by a hobgoblin (3 damage)
             ... led by Robin
             ... on level 2 of the Dungeon.
             The game lasted 00:06:15 (1643 turns).

ravioli the Digger (Demonspawn Earth Elementalist)  Turns: 1643, Time: 00:06:16

Health: 0/24       AC:  2    Str:  8    XL:     3   Next: 12%
Magic:  2/6        EV: 12    Int: 18    God:    Uskayaw [*.....]
Gold:   50         SH:  0    Dex: 13    Spells: 6/7 levels left

rFire   . . .      SeeInvis .   (no weapon)
rCold   . . .      Faith    .   (no shield)
rNeg    . . .      Spirit   .   a - +0 robe
rPois   .          Reflect  .   (no helmet)
rElec   .          Harm     .   (no cloak)
rCorr   .          Rampage  .   (no gloves)
Will    .....                   (no boots)
Stlth   ++........              (no amulet)
HPRegen 0.08/turn               (no ring)
MPRegen 0.10/turn               (no ring)

@: flying
A: weakness stinger 1
a: Renounce Religion, Stomp


You were on level 2 of the Dungeon.
You worshipped Uskayaw.
Uskayaw was noncommittal.
You visited 1 branch of the dungeon, and saw 2 of its levels.

You collected 50 gold pieces.

Inventory:

Missiles
 e - 5 stones
Armour
 a - a +0 robe (worn)
Scrolls
 b - a scroll of teleportation {unknown}
 c - a scroll of identify {unknown}
 d - a scroll of fear {unknown}
 g - a scroll of vulnerability {unknown}
 h - a scroll of enchant weapon {unknown}


   Skills:
 + Level 1.9 Dodging
 + Level 2.1 Stealth
 + Level 2.5 Spellcasting
 + Level 0.8 Transmutations
 + Level 3.3 Earth Magic


You had 6 spell levels left.
You knew the following spells:

 Your Spells              Type           Power      Damage    Failure   Level
a - Sandblast             Erth           28%        2d8       4%          1

Your spell library contained the following spells:

 Spells                   Type           Power      Damage    Failure   Level
 Passwall                 Tmut/Erth      7%         N/A       11%         2
 Stone Arrow              Conj/Erth      16%        3d8       26%         3
 Petrify                  Tmut/Erth      9%         N/A       58%         4


Dungeon Overview and Level Annotations

Branches:
Dungeon (2/15)

Altars:
Uskayaw

Shops:
D:1 [


Innate Abilities, Weirdness & Mutations

You have a small tail.


Message History

The blast of sand hits the hobgoblin.
The hobgoblin is almost dead.
The hobgoblin barely misses you. The hobgoblin closely misses you.
Aiming: Sandblast (safe; 4% risk of failure)
Press: ? - help, Q - select action, (/) - cycle Shift-Dir - straight line, f/p - hobgoblin
Aim: a hobgoblin (almost dead, 79% to hit)
The blast of sand hits the hobgoblin but does no damage.
The hobgoblin is almost dead.
The hobgoblin completely misses you. The goblin closely misses you.
The hobgoblin closely misses you. x2
Aiming: Sandblast (safe; 4% risk of failure)
Press: ? - help, Q - select action, (/) - cycle Shift-Dir - straight line, f/p - hobgoblin
Aim: a hobgoblin (almost dead, 79% to hit)
The blast of sand hits the hobgoblin.
You kill the hobgoblin!
The bat barely misses you. The goblin hits you with a +0 club.
The hobgoblin hits you. The goblin hits you but does no damage.
The endoplasm hits you but does no damage.
The hobgoblin hits you. The bat hits you but does no damage.
The endoplasm freezes you.
You are frozen.
The goblin closely misses you. x2
Aiming: Sandblast (safe; 4% risk of failure)
Press: ? - help, Q - select action, (/) - cycle Shift-Dir - straight line, f - bat
Aim: a bat (69% to hit)
The blast of sand hits the bat.
You kill the bat!
The hobgoblin hits you. The goblin hits you but does no damage.
The goblin closely misses you. The endoplasm freezes you.
You are frozen.
The endoplasm barely misses you. The goblin hits you but does no damage.
The goblin hits you with a +0 dagger. The hobgoblin hits you.
* * * LOW HITPOINT WARNING * * *
It was a potion of flight.
You feel very buoyant.
You fly up into the air.
The endoplasm barely misses you. The goblin barely misses you.
The goblin closely misses you. The hobgoblin closely misses you.
The hobgoblin attacks as you move away! The hobgoblin hits you.
You die...

.. .# #. ###.## ###
#. #.... ...$ #.
##.#.#
#(..#.##....### ##
#.:.†!.#.#.......
#.####†#...###.#
#....†...gg..<.#
......####.@J...##
..g.....<.g........
##....####.........
#... .......<## #..
####.#...# #.#
....... .#...##
.#...# ..


You could see an endoplasm, a hobgoblin and 2 goblins.

Vanquished Creatures
  2 ball pythons (D:1)
  5 bats
  3 endoplasms (D:1)
  2 giant cockroaches (D:1)
  2 goblins (D:1)
  4 hobgoblins
  4 jackals (D:1)
  A quokka (D:2)
  A frilled lizard (D:1)
  3 rats
  A spectral kobold (D:1)
28 creatures vanquished.

Notes
Turn   | Place    | Note
-------+----------+-------------------------------------------
     0 | D:1      | ravioli the Demonspawn Earth Elementalist began the quest
                  | for the Orb.
     0 | D:1      | Reached XP level 1. HP: 13/13 MP: 3/3
   341 | D:1      | Reached skill level 3 in Earth Magic
   341 | D:1      | Discovered your monstrous ancestry.
   341 | D:1      | Gained mutation: You have a small tail. [demonic ancestry]
   341 | D:1      | Reached XP level 2. HP: 11/19 MP: 0/5
   571 | D:1      | Found Kooryode's Armour Emporium.
  1322 | D:1      | Found a faded altar of an unknown god.
  1332 | D:1      | Prayed at the altar of an unknown god.
  1332 | D:1      | Became a worshipper of Uskayaw the Reveller
  1332 | D:1      | Reached * piety under Uskayaw
  1586 | D:2      | Reached XP level 3. HP: 24/24 MP: 4/6
  1590 | D:2      | Reached ** piety under Uskayaw
  1643 | D:2      | Slain by a hobgoblin

Illustrated notes

Levels and vault maps discovered:
D:1:      mainiacjoe_arrival_reflecting_pool, layout_basic, serial_shops,
          nicolae_shop_advertising_works [nicolae_subvault_shop_adworks],
          dreamdust_ecumenical_altar_drowned_temple
D:2:      layout_loops_ring, nrook_uturn, minmay_tetromino_i4,
          uniq_crazy_yiuf_cottage, uniq_robin

Skill      XL: |  1 |
---------------+----+-----
Stealth        | 2 |  2.1
Earth Magic    | 3 |  3.3
Dodging        | |  1.9
Spellcasting   | |  2.5
Transmutations | |  0.8

Action                   || total
-------------------------++-------
 Cast: Sandblast         ||    40
  Use: Potion            ||     2
Armor: Robe              ||    18
Dodge: Dodged            ||    60

Table legend: (Time is in decaauts)
 A = Elapsed time spent in this place.
 B = Non-inter-level travel time spent in this place.
 C = Inter-level travel time spent in this place.
 D = Time resting spent in this place.
 E = Time spent auto-exploring this place.
 F = Levels seen in this place.
 G = Mean time per level.
                   A        B        C        D        E       F      G
               +--------+--------+--------+--------+--------+-----+--------+
         Total |   1701 |   1680 |     21 |    695 |    717 |   2 |  850.5 |
       Dungeon |   1701 |   1680 |     21 |    695 |    717 |   2 |  850.5 |
               +--------+--------+--------+--------+--------+-----+--------+

Top non-repeatable levels by time:
     D:1: 1627 daAuts
     D:2: 73 daAuts
